 Dungeon Crawl Stone Soup version 0.31-a0-1447-g87ca8d402b (webtiles) character file.

Game seed: 16090307882996012164

250292 thriggle the Tortoise (level 19, -2/147 (154) HPs)
             Began as a Barachi Fighter on Dec 26, 2023.
             Was the Champion of Okawaru.
             Killed from afar by a deep elf sorcerer (17 damage)
             ... with damnation
             ... on level 3 of the Elven Halls on Dec 27, 2023.
             The game lasted 03:55:11 (34736 turns).

thriggle the Tortoise (Barachi Fighter)            Turns: 34736, Time: 03:55:13

HP:   -2/147 (154)  AC: 51    Str: 26    XL:     19   Next: 62%
MP:   0/27          EV: 11    Int: 12    God:    Okawaru [******]
Gold: 556           SH: 15    Dex: 17    Spells: 26/28 levels left

rFire   + . .        K - +10 lance "Wyrmbane" {slay drac, rPois rF+ rC+ AC+3}
rCold   + . .        M - +2 kite shield {reflect}
rNeg    + . .        h - +8 orange crystal plate armour {Archmagi, Int+3 Clar}
rPois   +            N - +2 hat
rElec   .            W - +2 cloak {rCorr}
rCorr   +            E - +2 pair of gloves
SInv    .            U - +0 pair of boots of the Salamander {rN+ Will++}
Will    +++..        y - amulet of guardian spirit Stlth
                     S - +6 ring of strength
HPRegen 0.00/turn    J - ring of Okawaru, Teaching {AC+4 Slay+4}
MPRegen 0.20/turn

%: reflection, clarity, guardian spirit, archmagi
@: lethally poisoned (-2 -> -5), unable to hop, inhibited regen, studying
Staves, lightly drained, slow
A: amphibious, slowness 1, strong legs 2, +LOS, inhibited regeneration,
inability to drink after injury 1, noise suppression
}: 2/15 runes: decaying, gossamer
a: Hop, Renounce Religion, Heroism, Finesse, Duel


You were on level 3 of the Elven Halls.
You worshipped Okawaru.
Okawaru was exalted by your worship.
You visited 6 branches of the dungeon, and saw 29 of its levels.
You visited the Abyss 1 time.
You also visited: Volcano.

You collected 3468 gold pieces.
You spent 2912 gold pieces at shops.

Inventory:

Hand Weapons
 k - a +5 demon trident of venom
 r - the +9 demon trident of the Fresh God {freeze, *Corrode rF+ Str+7 SInv}
   (You acquired it on level 4 of the Spider Nest)

   Str+7:     It affects your strength (+7).
   rF+:       It protects you from fire.
   SInv:      It lets you see invisible.
   *Corrode:  It may corrode you when you take damage.
 C - the +2 halberd of Tichuix {holy, *Noise rN+++ Int+6}
   (You found it on level 1 of the Elven Halls)

   Int+6:     It affects your intelligence (+6).
   rN+++:     It renders you almost immune to negative energy.
   *Noise:    It may make a loud noise when swung.
 F - the +7 trident "Voikydd" {flame, *Rage rCorr Int-4 SInv}
   (You found it on level 7 of the Dungeon)

   Int-4:     It affects your intelligence (-4).
   SInv:      It lets you see invisible.
   *Rage:     It berserks you when you make melee attacks (+20% chance).
   rCorr:     It protects you from acid and corrosion.
 K - the +10 lance "Wyrmbane" (weapon) {slay drac, rPois rF+ rC+ AC+3}
   (You took it off Maggie on level 8 of the Dungeon)

   AC+3:      It affects your AC (+3).
   rF+:       It protects you from fire.
   rC+:       It protects you from cold.
   rPois:     It protects you from poison
Missiles
 e - 12 atropa-tipped darts
 f - 5 datura-tipped darts
 j - 17 javelins
 o - 12 curare-tipped darts
 x - 15 boomerangs (quivered)
 R - a dart of dispersal
 T - 10 silver javelins
 V - a throwing net
Armour
 h - the +8 orange crystal plate armour (worn) {Archmagi, Int+3 Clar}
   (Okawaru gifted it to you on level 9 of the Dungeon)

   Int+3:     It affects your intelligence (+3).
   Clar:      It protects you from confusion, rage, mesmerisation and fear.
 E - a +2 pair of gloves (worn)
 M - a +2 kite shield of reflection (worn)
 N - a +2 hat (worn)
 U - the +0 pair of boots of the Salamander (worn) {rN+ Will++}
   (You acquired it on level 9 of the Dungeon)

   rN+:       It protects you from negative energy.
   Will++:    It greatly increases your willpower.
 W - a +2 cloak of preservation (worn)
Jewellery
 l - a +4 ring of protection
 n - a ring of protection from cold
 p - a ring of see invisible
 y - an amulet of guardian spirit (around neck)
 J - the ring of Okawaru, Teaching (right hand) {AC+4 Slay+4}
   (You found it on level 7 of the Dungeon)

   [ring of protection]

   AC+4:      It affects your AC (+4).
   Slay+4:    It affects your accuracy & damage with ranged weapons and melee
   (+4).
 S - a +6 ring of strength (left hand)
 Y - a ring of positive energy
Wands
 a - a wand of mindburst (22)
 c - a wand of iceblast (39)
 m - a wand of flame (28)
 A - a wand of light (6)
 B - a wand of charming (7)
 L - a wand of digging (11)
 O - a wand of polymorph (14)
Scrolls
 b - 2 scrolls of summoning
 s - 3 scrolls of revelation
 u - 13 scrolls of identify
 w - a scroll of blinking
 z - 4 scrolls of silence
 G - a scroll of fog
 H - 2 scrolls of poison
 I - 11 scrolls of teleportation
 Z - 3 scrolls of fear
Potions
 d - 2 potions of might
 g - 7 potions of attraction
 i - 3 potions of haste
 q - 6 potions of enlightenment
 t - 5 potions of heal wounds
 v - a potion of magic
 D - 4 potions of invisibility
 Q - 9 potions of curing
 X - 3 potions of ambrosia


   Skills:
 + Level 14.9 Fighting
 - Level 7.0 Long Blades
 + Level 13.5(13.8) Polearms
 - Level 4.6(10.6) Staves
 + Level 10.7 Throwing
 * Level 17.9 Armour
 + Level 12.6 Dodging
 - Level 7.0 Stealth
 + Level 13.2 Shields
 - Level 5.2 Spellcasting
 - Level 4.0 Fire Magic
 + Level 10.7 Invocations
 + Level 11.0 Evocations


You had 26 spell levels left.
You knew the following spells:

 Your Spells              Type           Power      Damage    Failure   Level
a - Scorch                Fire           38%        2d6       83%         2

Your spell library contained the following spells:

 Spells                   Type           Power      Damage    Failure   Level
 Freeze                   Ice            16%        1d4       99%         1
 Kiss of Death            Conj/Necr      16%        2d6       99%         1
 Jinxbite                 Hex            8%         N/A       100%        2
 Sublimation of Blood     Necr           4%         N/A       100%        2
 Confusing Touch          Hex            4%         N/A       100%        3
 Dazzling Flash           Conj/Hex       8%         N/A       100%        3
 Frozen Ramparts          Ice            8%         1d2       100%        3
 Hailstorm                Conj/Ice       4%         3d5       100%        3
 Mephitic Cloud           Conj/Alch/Air  4%         N/A       100%        3
 Brom's Barrelling Bould  Conj/Erth      4%         2d3       100%        4
 Dispel Undead            Necr           4%         3d7       100%        4
 Flame Wave               Conj/Fire      11%        2d6       100%        4
 Ignite Poison            Fire/Alch      11%        N/A       100%        4
 Manifold Assault         Tloc           4%         N/A       100%        4
 Passage of Golubria      Tloc           4%         N/A       100%        4
 Petrify                  Alch/Erth      4%         N/A       100%        4
 Curse of Agony           Necr           4%         N/A       100%        5
 Fireball                 Conj/Fire      5%         3d5       100%        5
 Irradiate                Conj/Alch      2%         3d12      100%        5
 Iskenderun's Battlesphe  Conj           4%         2d6       100%        5
 Silence                  Hex/Air        2%         N/A       100%        5
 Yara's Violent Unravell  Hex/Alch       2%         3d3       100%        5
 Conjure Ball Lightning   Conj/Air       2%         3x3d6     100%        6
 Dispersal                Tloc           2%         N/A       100%        6
 Enfeeble                 Hex            2%         N/A       100%        7
 Orb of Destruction       Conj           2%         9d5       100%        7
 Disjunction              Tloc           2%         N/A       100%        8
 Call Imp                 Summ           Unusable   N/A       N/A         2
 Call Canine Familiar     Summ           Unusable   N/A       N/A         3
 Animate Armour           Summ/Erth      Unusable   N/A       N/A         4
 Summon Forest            Summ/Tloc      Unusable   N/A       N/A         5
 Summon Cactus Giant      Summ           Unusable   N/A       N/A         6
 Malign Gateway           Summ/Tloc      Unusable   N/A       N/A         7

Dungeon Overview and Level Annotations

Branches:
Dungeon (11/15)            Temple (0/1) D:4            Lair (5/5) D:9
  Swamp (4/4) Lair:2       Spider (4/4) Lair:2        Slime (0/5) Lair:4
    Orc (2/2) D:9             Elf (3/3) Orc:2       Volcano (visited)

Altars:
Gozag
Makhleb
Okawaru
Qazlal
Vehumet
Wu Jian
Xom
Yredelemnul
Jiyva

Shops:
D:2 =   D:4 !   Orc:1 *   Orc:2 [*::   Elf:1 :[![(   Elf:2 **[[

Annotations:
Elf:2 3 runed translucent doors


Innate Abilities, Weirdness & Mutations

You are amphibious.
You cover ground slowly.
You can hop long distances.
You have an extended range of vision and can be seen from far away.
You do not regenerate when monsters are visible.
You occasionally lose the ability to drink potions when taking damage.
You passively dampen the noise of your surroundings.


Message History

You feel very sick.
You kill the deep elf zephyrmancer!
Okawaru accepts your kill.
The deep elf sorcerer hits you but does no damage.
The deep elf pyromancer closely misses you.
The deep elf sorcerer hits you but does no damage.
Your +5 demon trident of venom stops dripping with poison.
You feel an overwhelming desire to slay dragons!
K - the +10 lance "Wyrmbane" (weapon)
{slay drac, rPois rF+ rC+ AC+3} You feel sick.
You closely miss the deep elf sorcerer.
The deep elf sorcerer is moderately wounded.
You feel sick.
You block the deep elf sorcerer's attack.
The deep elf pyromancer gestures wildly while chanting.
The deep elf pyromancer blinks!
You feel sick.
The deep elf sorcerer points at you and mumbles some strange words.
You resist with almost no effort.
The deep elf high priest mumbles some strange prayers to its god.
The deep elf high priest begins emitting a brilliant aura!
The deep elf sorcerer is empowered by the deep elf high priest's aura!
The deep elf pyromancer is empowered by the deep elf high priest's aura!
Things that are here:
44 gold pieces; the +5 short sword of Departure {flame, +Blink Will++}; a +0 leather armour Hop to where?
Press: ? - help, Dir - move target, p - deep elf pyromancer Boing!
You feel sick.
The deep elf sorcerer gestures at you while chanting.
The sphere of damnation explodes!
The damnation engulfs you!!!
* * * LOW HITPOINT WARNING * * *
You feel sick.
You feel sick.
The deep elf sorcerer gestures at you while chanting.
You resist with almost no effort.
The deep elf sorcerer wildly gestures.
You feel disoriented.
The deep elf sorcerer gestures at you while chanting.
The sphere of damnation explodes!
The damnation engulfs you!!
You die...

. #...)....)#### .###### ####
#######...#####....(
.###.°###..###.........##
#####.
○#.e†E☼☼E)..............####
#.
..e#.e###e.^...............#
#. .)...○#
##..............##.# ##
.###.##
#..#..........###.######
.)...# #.............#
#....... ######
####.##@.....## #.#####.
#....###...### #.#####.
#.#######<#### #....##.
######<####.......####.##.##.
#........##.......##.......#.
#.####.#.##.......##.#.......
#.####.#.##.......##.####..##
#.##.....##.......##.##....#
#.##.#.####.......##.##.##.#


You could see a deep elf sorcerer (fast, empowered, poisoned) and a fire
elemental (summoned).

Vanquished Creatures
  the Lernaean hydra (Swamp:4)
  Bai Suzhen (Swamp:3)
  Arachne (Spider:2)
  Mlioglotl (Spider:3)
  2 liches
  A tentacled starspawn (Elf:1)
  Gastronok (D:8)
  Aizul (Spider:1)
  Donald (Spider:2)
  A fenstrider witch (Swamp:3)
  3 emperor scorpions (Spider:4)
  5 ghost moths
  Louise (Spider:4)
  An orc warlord (Orc:1)
  3 broodmothers
  Nessos (Lair:5)
  A deep elf death mage (Elf:3)
  A deep elf demonologist (Elf:1)
  4 bunyips
  2 spark wasps (Spider:3)
  4 entropy weavers
  A green death (Abyss:3)
  A shambling mangrove (Swamp:1)
  A great orb of eyes (D:10)
  A deep elf high priest (Elf:3)
  16 hydras
  2 jorogumos
  6 ghost crabs (Swamp:2)
  The ghost of Sonofthefire the Mimic, a journeyman OpSh of Okawaru (D:10)
  3 catoblepae
  2 ogre magi (Orc:2)
  5 boulder beetles
  A centaur warrior (D:10)
  14 two-headed ogres
  A deep troll shaman (Lair:5)
  15 dancing weapons
  A death scarab (Spider:2)
  2 radroaches (Spider:4)
  15 death yaks
  13 alligators
  15 demonic crawlers
  An orc high priest (Orc:2)
  A thrashing horror (Abyss:3)
  Sonja (D:10)
  9 deep elf knights
  2 wretched stars (Abyss:3)
  2 skeletal warriors (D:10)
  6 pharaoh ants
  A skyshark (Lair:4)
  A sixfirhy (Abyss:3)
  Lodul (D:10)
  5 goliath frogs
  13 orb spiders
  3 deep trolls
  6 spriggan druids
  9 deep elf archers
  9 steelbarb worms
  5 bog bodies
  3 sun moths
  An orc knight (Orc:2)
  10 swamp dragons
  21 deep elf zephyrmancers
  2 large abominations (Abyss:3)
  A necromancer (D:10)
  20 deep elf pyromancers
  17 wolf spiders
  An ugly thing (D:8)
  3 will-o-the-wisps
  5 cyclopes
  27 elephants
  8 black mambas
  6 meliai
  2 moths of wrath (Spider:4)
  A smoke demon (Abyss:3)
  2 kobold blastminers (Orc:2)
  4 apocalypse crabs
  8 torpor snails
  12 cane toads
  Maggie (D:8)
  3 gargoyles
  2 rime drakes (Lair:5)
  9 komodo dragons
  10 trolls
  A bloated husk (Swamp:3)
  A merfolk (D:9)
  7 polar bears
  6 tyrant leeches
  10 hornets
  14 tarantellas
  A glass eye (shapeshifter) (Elf:3)
  26 blink frogs
  A raiju (shapeshifter) (Elf:1)
  23 jumping spiders
  8 spriggans
  2 small abominations (Abyss:3)
  4 air elementals
  2 wraiths
  A vampire (D:10)
  13 culicivoras
  3 water elementals
  4 wyverns
  24 yaks
  4 basilisks
  3 fire bats (Orc:1)
  Eustachio (D:6)
  6 wargs (Orc:1)
  4 fire elementals
  33 redbacks
  Grum (D:8)
  A steam dragon (D:6)
  2 chaos spawn (Abyss:3)
  5 vampire mosquitoes
  Edmund (D:6)
  11 swamp worms
  27 water moccasins
  2 acid dragons (D:11)
  7 hell hounds (Volcano)
  Duvessa (D:6)
  12 swamp drakes
  5 black bears
  18 orc warriors
  2 sky beasts
  An ice beast (D:4)
  30 ogres
  18 wolves
  2 starcursed masses (Abyss:3)
  8 centaurs
  A phantom (D:5)
  4 weeping skulls (Abyss:3)
  A kobold brigand (D:10)
  A wyvern zombie (D:7)
  A gnoll sergeant (D:9)
  12 bullfrogs
  A necrophage (D:7)
  Blork the orc (D:6)
  5 scorpions
  Dowan (D:6)
  35 wights
  2 bullfrog zombies (D:7)
  9 howler monkeys
  A centaur zombie (D:7)
  A human zombie (D:7)
  13 orc priests
  3 hounds (D:5)
  2 jellies
  2 sleepcaps
  3 gnoll boudas
  2 iguanas
  13 orc wizards
  2 killer bee zombies (D:7)
  2 howler monkey zombies (D:7)
  22 gnolls
  7 adders
  A white imp (D:7)
  4 ufetubi (D:6)
  3 worms
  11 dart slugs (D:4)
  65 orcs
  7 ball pythons
  6 bats
  6 endoplasms
  3 giant cockroaches
  9 hobgoblins
  6 jackals (D:1)
  3 quokkas
  5 frilled lizards
  4 goblins
  16 kobolds
  3 rats
1062 creatures vanquished.

Vanquished Creatures (others)
  Asterion (Spider:2)
  A deep elf knight (Elf:2)
  A spriggan druid (Swamp:2)
  A deep elf archer (Elf:1)
  5 deep elf pyromancers
  A deep elf zephyrmancer (Elf:1)
  An apocalypse crab (Swamp:2)
  8 foxfires
  4 starspawn tentacles
23 creatures vanquished.

Grand Total: 1085 creatures vanquished

Notes
Turn   | Place    | Note
-------+----------+-------------------------------------------
     0 | D:1      | thriggle the Barachi Fighter began the quest for the Orb.
     0 | D:1      | Reached XP level 1. HP: 18/18 MP: 1/1
    97 | D:1      | Reached XP level 2. HP: 24/25 MP: 2/2
   216 | D:1      | Reached XP level 3. HP: 30/30 MP: 3/3
   602 | D:2      | Found a radiant altar of Vehumet.
   638 | D:2      | Found a faded altar of an unknown god.
   660 | D:2      | Prayed at the altar of an unknown god.
   660 | D:2      | Became a worshipper of Warmaster Okawaru
   660 | D:2      | Reached * piety under Okawaru
   670 | D:2      | Found Xusyledi's Jewellery Emporium.
   886 | D:2      | Reached skill level 1 in Stealth
  1041 | D:2      | Gained mutation: You are partially covered in large bone
                  | plates. (SH +4) [potion of mutation]
  1041 | D:2      | Gained mutation: You are partially covered in iridescent
                  | scales. (AC +2) [potion of mutation]
  1041 | D:2      | Gained mutation: Armour fits poorly on your strangely
                  | shaped body. [potion of mutation]
  1041 | D:2      | Gained mutation: You are covered in fur. (AC +1) [potion of
                  | mutation]
  1079 | D:2      | Reached skill level 4 in Armour
  1079 | D:2      | Reached skill level 1 in Dodging
  1079 | D:2      | Reached skill level 1 in Spellcasting
  1079 | D:2      | Reached XP level 4. HP: 30/33 MP: 5/5
  2097 | D:4      | Noticed an ogre
  2097 | D:4      | Found Baunaude's Distillery.
  2105 | D:4      | Killed an ogre
  2105 | D:4      | Reached ** piety under Okawaru
  2106 | D:4      | Reached XP level 5. HP: 42/43 MP: 5/7
  2133 | D:4      | Noticed an ice beast
  2151 | D:4      | Killed an ice beast
  2152 | D:4      | Reached XP level 6. HP: 24/49 MP: 7/9
  2408 | D:4      | Bought a potion of brilliance for 44 gold pieces
  2408 | D:4      | Bought a potion of invisibility for 88 gold pieces
  2476 | D:4      | Found a shimmering altar of Xom.
  2477 | D:4      | Found an ornate altar of the Wu Jian Council.
  2606 | D:4      | Found a staircase to the Ecumenical Temple.
  2611 | D:4      | Reached XP level 7. HP: 55/55 MP: 10/10
  2827 | D:4      | Reached skill level 1 in Invocations
  3024 | D:5      | Entered Level 5 of the Dungeon
  3030 | D:4      | Learned a level 2 spell: Scorch
  3177 | D:5      | Reached skill level 5 in Fighting
  3177 | D:5      | Reached skill level 5 in Armour
  3252 | D:5      | Reached *** piety under Okawaru
  3894 | D:6      | Reached XP level 8. HP: 63/63 MP: 9/11
  3953 | D:6      | Reached skill level 5 in Long Blades
  3953 | D:6      | Reached skill level 5 in Shields
  4284 | D:6      | Reached **** piety under Okawaru
  4285 | D:6      | Reached skill level 6 in Armour
  4380 | D:6      | Noticed Edmund
  4408 | D:6      | Killed Edmund
  4409 | D:6      | Reached XP level 9. HP: 36/69 MP: 8/12
  4532 | D:6      | Noticed Eustachio
  4532 | D:6      | Noticed Blork the orc
  4548 | D:6      | Killed Blork the orc
  4709 | D:6      | Killed Eustachio
  4721 | D:6      | Noticed Duvessa
  4722 | D:6      | Noticed Dowan
  4735 | D:6      | Killed Duvessa
  4751 | D:6      | Killed Dowan
  4771 | D:6      | Found a stormy altar of Qazlal.
  5585 | D:7      | Identified the +7 trident "Voikydd" {flame, *Rage rCorr
                  | Int-4 SInv}
  5642 | D:7      | Reached skill level 1 in Fire Magic
  5679 | D:7      | Reached ***** piety under Okawaru
  5700 | D:7      | Reached skill level 5 in Dodging
  5786 | D:7      | Reached skill level 1 in Polearms
  5786 | D:7      | Reached skill level 7 in Armour
  5856 | D:7      | Reached XP level 10. HP: 79/79 MP: 13/13
  5981 | D:7      | Found a basalt altar of Yredelemnul.
  6020 | D:7      | Received a gift from Okawaru
  6040 | D:7      | Reached skill level 1 in Throwing
  6040 | D:7      | Reached skill level 5 in Stealth
  6473 | D:7      | Identified the ring of Okawaru, Teaching {AC+4 Slay+4}
  6501 | D:8      | Noticed Maggie
  6503 | D:8      | Noticed Gastronok
  6520 | D:8      | Killed Maggie
  6566 | D:8      | Noticed a red ugly thing
  6600 | D:8      | Noticed a two-headed ogre
  6607 | D:8      | Killed a two-headed ogre
  6746 | D:8      | Killed a red ugly thing
  6747 | D:8      | Noticed a gargoyle
  6761 | D:8      | Killed a gargoyle
  6879 | D:8      | Reached XP level 11. HP: 85/86 MP: 16/16
  6885 | D:8      | Noticed Grum
  6902 | D:8      | Reached skill level 8 in Armour
  6922 | D:8      | Killed Gastronok
  6929 | D:8      | Killed Grum
  8512 | D:9      | Found a staircase to the Lair.
  8645 | D:9      | Found an opulent altar of Gozag.
  8645 | D:9      | Found a burning altar of Makhleb.
  8703 | D:9      | Reached skill level 5 in Invocations
  8800 | D:9      | Received a gift from Okawaru
  8826 | D:9      | Found a staircase to the Orcish Mines.
  9085 | D:9      | Found a stormy altar of Qazlal.
  9111 | D:9      | Identified a scroll of acquirement
  9112 | D:9      | Acquired the +0 pair of boots of the Salamander {rN+
                  | Will++}
  9428 | D:10     | Entered Level 10 of the Dungeon
  9442 | D:10     | Noticed Sonja
  9456 | D:10     | Killed Sonja
  9457 | D:10     | Reached skill level 1 in Evocations
  9571 | D:10     | Noticed a two-headed ogre
  9588 | D:10     | Killed a two-headed ogre
  9676 | D:10     | Received a gift from Okawaru
  9764 | D:10     | Noticed Lodul
  9770 | D:10     | Reached skill level 5 in Polearms
  9776 | D:10     | Killed Lodul
  9777 | D:10     | Reached XP level 12. HP: 84/94 MP: 16/18
  9834 | D:10     | Noticed a two-headed ogre
  9853 | D:10     | Killed a two-headed ogre
 10246 | D:10     | Found a runed translucent door.
 10247 | D:10     | Noticed a lich
 10247 | D:10     | Noticed a centaur warrior
 10247 | D:10     | Noticed a great orb of eyes
 10251 | D:10     | Noticed Sonofthefire's ghost (journeyman OpSh)
 10255 | D:10     | Found a runed translucent door.
 10536 | D:11     | Noticed a two-headed ogre
 10543 | D:11     | Killed a two-headed ogre
 10876 | D:11     | Noticed a two-headed ogre
 10890 | D:11     | Killed a two-headed ogre
 10891 | D:11     | Reached skill level 9 in Armour
 10976 | D:11     | Reached skill level 5 in Spellcasting
 10992 | D:11     | Reached ****** piety under Okawaru
 10996 | D:11     | Received a gift from Okawaru
 11300 | D:9      | Noticed a two-headed ogre
 11308 | D:9      | Killed a two-headed ogre
 11310 | D:9      | Acquired the +8 orange crystal plate armour {Archmagi,
                  | Int+3 Clar}
 11310 | D:9      | Received a gift from Okawaru
 11310 | D:9      | Found the +8 orange crystal plate armour {Archmagi, Int+3
                  | Clar}
 11371 | Lair:1   | Entered Level 1 of the Lair of Beasts
 11373 | Lair:1   | Noticed a death yak
 11374 | Lair:1   | Noticed a death yak
 11374 | Lair:1   | Noticed a death yak
 11379 | Lair:1   | Noticed a death yak
 11379 | Lair:1   | Noticed a death yak
 11394 | D:9      | Killed a death yak
 11407 | D:9      | Killed a death yak
 11490 | Lair:1   | Noticed a death yak
 11495 | Lair:1   | Killed a death yak
 11508 | Lair:1   | Killed a death yak
 11508 | Lair:1   | Received a gift from Okawaru
 11525 | Lair:1   | Killed a death yak
 11551 | Lair:1   | Killed a death yak
 11552 | Lair:1   | Gained mutation: You can hop long distances. [Barachi
                  | growth]
 11552 | Lair:1   | Reached XP level 13. HP: 44/102 MP: 10/20
 11831 | Lair:1   | Reached skill level 5 in Throwing
 12182 | Lair:1   | Received a gift from Okawaru
 12403 | Orc:1    | Entered Level 1 of the Orcish Mines
 12417 | Orc:1    | Found Iblaten's General Store.
 12461 | Orc:2    | Entered Level 2 of the Orcish Mines
 12461 | Orc:2    | Found a staircase to the Elven Halls.
 12560 | Orc:1    | Found a dark tunnel.
 12570 | Volcano  | Entered a volcano
 12766 | Volcano  | Reached skill level 10 in Fighting
 12858 | Volcano  | Reached skill level 10 in Armour
 13438 | Volcano  | Received a gift from Okawaru
 13676 | Orc:1    | Noticed an orc warlord
 13736 | Orc:1    | Killed an orc warlord
 13737 | Orc:1    | Reached skill level 5 in Evocations
 14549 | Orc:2    | Reached XP level 14. HP: 55/111 MP: 17/21
 14600 | Orc:2    | Reached skill level 11 in Armour
 14986 | Orc:2    | Received a gift from Okawaru
 15263 | Orc:2    | Found Vosmezxe's Book Shop.
 15291 | Orc:2    | Found Kehun's Armour Shop.
 15292 | Orc:2    | Found Pivom's Book Emporium.
 15320 | Orc:2    | Found Oqio's General Store.
 15331 | Orc:2    | Bought a potion of heal wounds for 75 gold pieces
 15331 | Orc:2    | Bought a wand of charming (4) for 144 gold pieces
 15341 | Orc:2    | Bought a +0 kite shield for 63 gold pieces
 16003 | Lair:2   | Found a hole to the Spider Nest.
 16005 | Lair:2   | Found a staircase to the Swamp.
 16045 | Lair:2   | Received a gift from Okawaru
 17090 | Lair:3   | Received a gift from Okawaru
 17352 | Lair:3   | Reached skill level 12 in Armour
 17464 | Lair:3   | Reached skill level 10 in Shields
 17944 | Lair:4   | Received a gift from Okawaru
 18034 | Lair:4   | Found a viscous altar of Jiyva.
 18036 | Lair:4   | Found a staircase to the Slime Pits.
 18116 | Lair:4   | Reached XP level 15. HP: 98/119 MP: 18/22
 18128 | Lair:4   | Reached skill level 10 in Polearms
 18304 | Lair:4   | Received a gift from Okawaru
 19005 | Lair:5   | Entered Level 5 of the Lair of Beasts
 19107 | Lair:5   | Noticed Nessos
 19127 | Lair:5   | Killed Nessos
 19331 | Lair:5   | Reached skill level 13 in Armour
 19473 | Lair:5   | Received a gift from Okawaru
 19960 | Lair:5   | Received a gift from Okawaru
 20635 | Swamp:1  | Entered Level 1 of the Swamp
 20665 | Lair:2   | Received a gift from Okawaru
 20751 | Spider:1 | Entered Level 1 of the Spider Nest
 21083 | Lair:2   | Reached skill level 10 in Dodging
 21083 | Lair:2   | Reached XP level 16. HP: 97/127 MP: 19/23
 21859 | Swamp:2  | Found a runed translucent door.
 22015 | D:10     | Killed a lich
 22015 | D:10     | Received a gift from Okawaru
 22041 | D:10     | Killed Sonofthefire's ghost
 22212 | D:10     | Identified the staff of the Ancients {rElec rPois Int-4
                  | Dex+4 Air}
 22379 | Swamp:1  | Reached skill level 14 in Armour
 22972 | Swamp:2  | Received a gift from Okawaru
 23447 | Swamp:2  | Got Zimi's Writings on Charred Allies
 23723 | Swamp:3  | Received a gift from Okawaru
 23801 | Swamp:3  | Noticed Bai Suzhen
 23833 | Swamp:3  | Killed Bai Suzhen
 24142 | Swamp:3  | Noticed a fenstrider witch
 24157 | Swamp:3  | Killed a fenstrider witch
 24191 | Swamp:3  | Got the Thoughts on the Distorted Gang
 24381 | Swamp:4  | Entered Level 4 of the Swamp
 24407 | Swamp:4  | Reached skill level 1 in Staves
 24514 | Swamp:4  | Reached XP level 17. HP: 135/135 MP: 22/24
 24599 | Swamp:4  | Received a gift from Okawaru
 24782 | Swamp:4  | Reached skill level 15 in Armour
 24789 | Swamp:4  | Noticed the 27-headed Lernaean hydra
 25135 | Swamp:4  | Killed the 27-headed Lernaean hydra
 25254 | Swamp:4  | Received a gift from Okawaru
 25330 | Swamp:4  | Got a decaying rune of Zot
 26374 | Spider:1 | Identified the serpent talisman of the Heavens {Str+2}
 26374 | Spider:1 | Noticed Aizul
 26395 | Spider:1 | Killed Aizul
 26708 | Spider:2 | Noticed Donald
 26708 | Spider:2 | Noticed Asterion
 26822 | Spider:2 | Identified the +9 glaive of the Blushing Eel {freeze,
                  | rElec}
 26831 | Spider:2 | Received a gift from Okawaru
 27187 | Spider:2 | Killed Asterion
 27350 | Spider:2 | Killed Donald
 27485 | Spider:2 | Received a gift from Okawaru
 27915 | Spider:2 | Noticed Arachne
 27949 | Spider:2 | Killed Arachne
 28425 | Spider:2 | Reached skill level 16 in Armour
 28425 | Spider:2 | Reached XP level 18. HP: 144/144 MP: 25/25
 28914 | Spider:3 | Noticed Mlioglotl
 28932 | Spider:3 | Received a gift from Okawaru
 28944 | Spider:3 | Killed Mlioglotl
 29613 | Spider:3 | Reached skill level 10 in Evocations
 29709 | Spider:3 | Identified the +3 sling of Ifewnum {flame, Str+4 Dex+2}
 29960 | Spider:4 | Entered Level 4 of the Spider Nest
 29960 | Spider:4 | Noticed Louise
 29960 | Spider:4 | Found a frozen archway.
 30208 | Spider:4 | Received a gift from Okawaru
 30303 | Spider:4 | Reached skill level 10 in Invocations
 30476 | Spider:4 | Reached skill level 10 in Throwing
 30705 | Spider:4 | Killed Louise
 30750 | Spider:4 | Identified the +4 trident "Hicku" {venom, rPois rN+ Int-4}
 30762 | Spider:4 | Acquired the +9 demon trident of the Fresh God {freeze,
                  | *Corrode rF+ Str+7 SInv}
 30839 | Spider:4 | Received a gift from Okawaru
 31127 | Spider:4 | Reached skill level 17 in Armour
 31157 | Spider:4 | Got a gossamer rune of Zot
 31308 | Spider:4 | Identified the +10 falchion of the Howling Butterfly
                  | {freeze, rCorr Dex-2 SInv Stlth+}
 31575 | Elf:1    | Entered Level 1 of the Elven Halls
 31615 | Elf:1    | Found Axzisous's Antique Weapon Emporium.
 31660 | Elf:1    | Found Enimy's Armour Emporium.
 31803 | Elf:1    | Received a gift from Okawaru
 31832 | Abyss:3  | Cast into level 3 of the Abyss (+1 trident of distortion)
 31838 | Abyss:3  | Found a corrupted altar of Lugonu.
 31840 | Abyss:3  | Found a corrupted altar of Lugonu.
 31898 | Abyss:3  | Reached XP level 19. HP: 126/153 MP: 19/21
 31898 | Abyss:3  | Lost mutation: You are partially covered in iridescent
                  | scales. (AC +2) [potion of mutation]
 31898 | Abyss:3  | Lost mutation: Armour fits poorly on your strangely shaped
                  | body. [potion of mutation]
 31898 | Abyss:3  | Gained mutation: Your muscles are strong. (Str +4, Int/Dex
                  | -1) [potion of mutation]
 31898 | Abyss:3  | Lost mutation: You are covered in fur. (AC +1) [potion of
                  | mutation]
 31899 | Abyss:3  | Lost mutation: You are partially covered in large bone
                  | plates. (SH +4) [potion of mutation]
 31899 | Abyss:3  | Lost mutation: Your muscles are strong. (Str +4, Int/Dex
                  | -1) [potion of mutation]
 31899 | Abyss:3  | Gained mutation: You have a pair of small horns on your
                  | head. [potion of mutation]
 31900 | Abyss:3  | Lost mutation: You have a pair of small horns on your head.
                  | [potion of mutation]
 31900 | Abyss:3  | Gained mutation: You expend magic power (3 MP) to
                  | strengthen your wands. [potion of mutation]
 31901 | Abyss:3  | Lost mutation: You expend magic power (3 MP) to strengthen
                  | your wands. [potion of mutation]
 31901 | Abyss:3  | Gained mutation: You are occasionally teleported next to
                  | monsters. [potion of mutation]
 32011 | Abyss:3  | Found a corrupted altar of Lugonu.
 32158 | Elf:1    | Escaped the Abyss
 32230 | Elf:1    | Received a gift from Okawaru
 32256 | Elf:1    | Upgraded the game from 0.31-a0-1424-g2add1c7226 to
                  | 0.31-a0-1447-g87ca8d402b
 32483 | Elf:1    | Paralysed by an air elemental for 1 turns
 32489 | Elf:1    | Paralysed by an air elemental for 1 turns
 32609 | Elf:1    | Paralysed by an air elemental for 1 turns
 32628 | Elf:1    | Acquired a +0 demon trident of venom
 32628 | Elf:1    | Received a gift from Okawaru
 32649 | Elf:1    | Paralysed by an air elemental for 1 turns
 32748 | Elf:1    | Found Idwur's Distillery.
 32752 | Elf:1    | Bought a potion of curing for 36 gold pieces
 32752 | Elf:1    | Bought a potion of haste for 120 gold pieces
 32752 | Elf:1    | Bought a potion of mutation for 96 gold pieces
 32752 | Elf:1    | Bought a potion of curing for 36 gold pieces
 32839 | Elf:1    | Found Bituq's Book Shop.
 32855 | Elf:1    | Found Vakeusymn's Armour Boutique.
 33005 | Elf:1    | Identified the +2 halberd of Tichuix {holy, *Noise rN+++
                  | Int+6}
 33553 | D:4      | Bought a potion of mutation for 88 gold pieces
 33553 | D:4      | Bought a potion of curing for 33 gold pieces
 33553 | D:4      | Lost mutation: You are occasionally teleported next to
                  | monsters. [potion of mutation]
 33553 | D:4      | Gained mutation: You have hidden genetic defects. [potion
                  | of mutation]
 33554 | D:4      | Lost mutation: You have hidden genetic defects. [potion of
                  | mutation]
 33554 | D:4      | Gained mutation: You occasionally lose the ability to drink
                  | potions when taking damage. [potion of mutation]
 33554 | D:4      | Gained mutation: You do not regenerate when monsters are
                  | visible. [potion of mutation]
 33554 | D:4      | Gained mutation: You passively dampen the noise of your
                  | surroundings. [potion of mutation]
 33730 | Elf:2    | Found Ankocsob's General Store.
 33730 | Elf:2    | Found Galat's Antique Armour Shoppe.
 33748 | Elf:2    | Found Tifim's Assorted Antiques.
 33751 | Elf:2    | Found Inen's Antique Armour Shoppe.
 33763 | Elf:2    | Bought a scroll of fear for 76 gold pieces
 33763 | Elf:2    | Bought a potion of attraction for 57 gold pieces
 33766 | Elf:2    | Bought a wand of iceblast (8) for 806 gold pieces
 33766 | Elf:2    | Bought a scroll of fear for 168 gold pieces
 33766 | Elf:2    | Bought a wand of mindburst (12) for 705 gold pieces
 33769 | Elf:2    | Bought a pair of glowing gloves for 277 gold pieces
 33806 | Elf:2    | Paralysed by an air elemental for 1 turns
 34042 | Elf:2    | Found a runed translucent gate.
 34042 | Elf:2    | Found a runed translucent gate.
 34042 | Elf:2    | Found a runed translucent gate.
 34172 | Elf:2    | Received a gift from Okawaru
 34403 | Elf:3    | Entered Level 3 of the Elven Halls
 34708 | Elf:3    | Identified the +5 short sword of Departure {flame, +Blink
                  | Will++}
 34736 | Elf:3    | Killed from afar by a deep elf sorcerer

Illustrated notes

Levels and vault maps discovered:
D:1:      minmay_arrival_arboretum_small, layout_rooms
D:2:      wander_river, layout_basic, shapermc_ecumenical_altar_mp_highgroup,
          serial_shops, nicolae_shop_gaudy_bauble, basic_altar,
          grunt_ministairs_3
D:3:      layout_loops_corners, serial_bayou_lagoon_b
D:4:      kennysheep_slugbush, layout_basic, nicolae_overflow_two_pavilions,
          minmay_temple_entry_butterflies, nicolae_stop_n_shop_1
D:5:      layout_loops_ring, minmay_hedge_maze
D:6:      layout_gridville, nicolae_qazlal_scattered_showers, uniq_duvessa,
          uniq_eustachio, uniq_blork_the_orc, uniq_edmund
D:7:      layout_cave_pods, lemuel_mausoleum_altar_yredelemnul, serial_glass,
          glass_columns_c, glass_columns_a, minmay_gold_behind_fungi
D:8:      lemuel_ice_spiral_2, layout_rooms, uniq_maggie, uniq_gastronok,
          uniq_grum
D:9:      layout_irregular_city, chequers_temple_overflow_statue_of_worship,
          david_lair_shrubbed, david_orc_5, roadster_trireme
D:10:     layout_loops_corners, muffindrake_ghost_dual_entry, uniq_lodul,
          uniq_sonja
D:11:     layout_roguey, minmay_fractal_squares_diagonal_5
Lair:1:   layout_loops_ring
Lair:2:   layout_hall_layers, mainiacjoe_swamp_entry_lozenge_pond,
          hellmonk_spider_entry_life_and_decay
Lair:3:   layout_regular_city, guppyfry_lair_drakes, lemuel_fruit_tree,
          grunt_megastairs_5
Lair:4:   layout_regular_city, slime_entry_1, serial_bayou_shore_a,
          infiniplex_staircase_pool_2
Lair:5:   grunt_lair_end_beastmaster, layout_cave_pods, serial_bayou_shore_b,
          uniq_nessos
Swamp:1:  layout_basic_swamp, evilmike_swamp_ruin_house_4, swamp_pool_5
Swamp:2:  gammafunk_mikee_crab_dinner, layout_basic_swamp,
          evilmike_swamp_ruin_house_1, swamp_pool_1_2, wheals_swamp_sinkhole
Swamp:3:  layout_falls_marsh, nicolae_swamp_trees_clearing, uniq_bai_suzhen
Swamp:4:  swamp_old_school, layout_basic_swamp, swamp_pool_1_2
Spider:1: layout_cave_pods, hangedman_spider_tarantella_strand, uniq_aizul
Spider:2: layout_cave_pods, einodemon_crawler_minivault, uniq_donald,
          uniq_arachne, uniq_asterion
Spider:3: nicolae_spider_hilbert_zone_5 [nicolae_spider_hilbert_3_sides_1_open,
          nicolae_spider_hilbert_4_sides_1_open,
          nicolae_spider_hilbert_4_sides_1_open,
          nicolae_spider_hilbert_6_sides_1_open,
          nicolae_spider_hilbert_6_sides_1_open], nicolae_orb_stairs,
          uniq_mlioglotl
Spider:4: hellmonk_spider_rune_bug_friends, portal_ice_cave_entry_pillars_1,
          uniq_louise
Orc:1:    layout_diamond_mine, nicolae_volcano_entry_batcave, basic_altar,
          serial_shops, nicolae_shop_tiny_glass
Orc:2:    st_orc_open, layout_diamond_mine
Elf:1:    minmay_the_grid_3x2 [minmay_the_grid_doors, minmay_the_grid_eight,
          minmay_the_grid_garden, minmay_the_grid_plusring,
          minmay_the_grid_aliased_spiral,
          minmay_the_grid_prize_four_corners_diamond_a],
          layout_geoelf_diagonals, serial_shops, nicolae_shop_trees,
          nicolae_shop_trees, shop, nicolae_shop_rolling_square,
          nicolae_shop_behind_doors, minmay_elf_demonology
Elf:2:    elven_hall_of_blades_hangedman_original
          [nicolae_blade_entry_hurt_lockers], layout_geoelf_diagonals,
          minmay_shoptagon
Elf:3:    nooodl_elf_gasket, layout_loops_cross, drop_trap

Skill      XL: |  1  2  3  4  5  6  7  8  9 10 11 12 13 14 15 16 17 18 19 |
---------------+----------------------------------------------------------+-----
Fighting       | 4 5 6 7 8 9 10 11 12 13 14 | 14.9
Long Blades    | 3 4 5 6 7 |  7.0
Stealth        | 1 2 3 4 5 6 7 |  7.0
Armour         | 4 5 6 7 8 9 10 12 13 14 16 17 | 17.9
Dodging        | 1 2 3 4 5 6 7 8 9 10 11 12 | 12.6
Spellcasting   | 1 2 3 4 5 |  5.2
Shields        | 4 5 6 7 8 9 10 11 12 13 | 13.2
Invocations    | 1 2 3 4 5 6 7 8 9 10 | 10.7
Fire Magic     | 1 2 4 |  4.0
Polearms       | 1 3 5 6 8 9 11 12 13 | 13.5
Throwing       | 2 3 4 5 6 7 8 9 10 | 10.7
Evocations     | 2 3 5 6 7 8 9 10 11 | 11.0
Staves         | 1 4 |  4.6

Action                     |  1- 3 |  4- 6 |  7- 9 | 10-12 | 13-15 | 16-18 | 19-21 || total
---------------------------+-------+-------+-------+-------+-------+-------+-------++-------
  Melee: Long sword        |   136 |   197 |   407 |     4 |       |       |       ||   744
         Falchion          |       |       |     5 |    70 |       |       |       ||    75
         Trident           |       |       |     2 |    38 |   108 |    88 |    15 ||   251
         Lance             |       |       |       |   609 |  1751 |  1980 |   206 ||  4546
         Demon trident     |       |       |       |       |       |    19 |   143 ||   162
  Throw: Dart              |       |     4 |    10 |    16 |    51 |    18 |     3 ||   102
         Stone             |       |       |    12 |    42 |       |       |       ||    54
         Boomerang         |       |       |     4 |     1 |     8 |   213 |    42 ||   268
         Javelin           |       |       |       |     3 |     1 |    16 |     8 ||    28
         Throwing net      |       |       |       |       |       |     3 |       ||     3
   Cast: Scorch            |       |       |     3 |       |       |       |       ||     3
 Invoke: Heroism           |       |       |     3 |     1 |     2 |     3 |       ||     9
         Finesse           |       |       |       |     2 |     2 |     3 |     1 ||     8
         Receive Armour    |       |       |       |     1 |       |       |       ||     1
         Receive Weapon    |       |       |       |       |       |       |     1 ||     1
Ability: Hop               |       |       |       |     2 |     5 |     7 |     1 ||    15
  Evoke: Wand              |       |       |       |       |       |    13 |     1 ||    14
    Use: Scroll            |     6 |     6 |     5 |     8 |     7 |     8 |     5 ||    45
         Potion            |     1 |       |     4 |     3 |     6 |    10 |     8 ||    32
   Stab: Sleeping          |       |       |     2 |     4 |       |       |       ||     6
         Invisible         |       |       |     1 |     2 |       |     3 |       ||     6
         Distracted        |       |       |       |     1 |     1 |     1 |       ||     3
         Petrified         |       |       |       |       |    13 |       |       ||    13
         Petrifying        |       |       |       |       |     1 |       |       ||     1
 Armour: Scale mail        |   101 |    92 |    12 |       |       |       |       ||   205
         Leather armour    |       |       |   271 |    24 |       |       |       ||   295
         Ring mail         |       |       |    26 |   275 |    29 |       |       ||   330
         Skin              |       |       |     4 |       |       |       |       ||     4
         Crystal plate arm |       |       |       |    68 |  1033 |  1503 |   166 ||  2770
         Chain mail        |       |       |       |       |    41 |       |       ||    41
  Dodge: Dodged            |    78 |    61 |   296 |   255 |   259 |   400 |    50 ||  1399
  Block: Buckler           |    35 |    71 |   278 |   301 |   293 |       |       ||   978
         Kite shield       |       |       |       |       |   771 |  1727 |   144 ||  2642
         Reflection        |       |       |       |       |       |    11 |    23 ||    34

Table legend: (Time is in decaauts)
 A = Elapsed time spent in this place.
 B = Non-inter-level travel time spent in this place.
 C = Inter-level travel time spent in this place.
 D = Time resting spent in this place.
 E = Time spent auto-exploring this place.
 F = Levels seen in this place.
 G = Mean time per level.
                   A        B        C        D        E       F      G
               +--------+--------+--------+--------+--------+-----+--------+
         Total |  37185 |  34550 |   2635 |   5245 |  15014 |  31 | 1199.5 |
       Dungeon |  13755 |  12894 |    861 |   1235 |   6887 |  11 | 1250.5 |
          Lair |   6707 |   6080 |    627 |    415 |   3121 |   5 | 1341.4 |
         Swamp |   3971 |   3660 |    311 |    558 |   1593 |   4 |  992.8 |
   Spider Nest |   6093 |   5723 |    370 |   1297 |   2059 |   4 | 1523.2 |
  Orcish Mines |   2557 |   2306 |    251 |    845 |    491 |   2 | 1278.5 |
   Elven Halls |   2792 |   2579 |    213 |    307 |    861 |   3 |  930.7 |
         Abyss |    308 |    308 |      0 |      9 |      0 |   1 |  308.0 |
       Volcano |    999 |    999 |      0 |    577 |      0 |   1 |  999.0 |
               +--------+--------+--------+--------+--------+-----+--------+

Top non-repeatable levels by time:
Spider:2: 2043 daAuts
     D:8: 1891 daAuts
     D:9: 1794 daAuts
   Elf:1: 1678 daAuts
     D:7: 1629 daAuts
    D:10: 1543 daAuts
  Lair:2: 1542 daAuts
  Lair:5: 1524 daAuts
Spider:1: 1470 daAuts
   Orc:1: 1467 daAuts
     D:6: 1432 daAuts
Spider:4: 1347 daAuts
  Lair:4: 1308 daAuts
Spider:3: 1232 daAuts
 Swamp:2: 1202 daAuts
